 Dungeon Crawl Stone Soup version 0.21-a0-264-g3e31e41 (webtiles) character file.

41 JackS81 the Skirmisher (level 3, -2/39 HPs)
             Began as an Ogre Berserker on Sept 10, 2017.
             Was a Follower of Trog.
             Slain by a gnoll
             ... wielding a +0 spear
              (4 damage)
             ... on level 2 of the Dungeon.
             The game lasted 00:03:27 (702 turns).

JackS81 the Skirmisher (Ogre Berserker)              Turns: 702, Time: 00:03:27

Health: -2/39      AC:  3    Str: 22    XL:     3   Next: 52%
Magic:  3/3        EV: 10    Int:  8    God:    Trog [*.....]
Gold:   48         SH:  0    Dex:  8    Spells: 2/2 levels left

rFire    . . .     SeeInvis .   a - +0 mace
rCold    . . .     Gourm    .   (no shield)
rNeg     . . .     Faith    .   b - +0 animal skin
rPois    .         Spirit   .   (helmet restricted)
rElec    .         Reflect  .   (no cloak)
rCorr    .         Harm     .   (gloves unavailable)
MR       .....                  (boots unavailable)
Stlth    +.........             (no amulet)
HPRegen  0.13/turn              (no ring)
MPRegen  0.08/turn              (no ring)

@: berserk cooldown, slowed, very slow
A: unfitting armour, tough skin 1
a: Berserk, Burn Spellbooks, Renounce Religion


You were on level 2 of the Dungeon.
You worshipped Trog.
Trog was aware of your devotion.
You were not hungry.

You visited 1 branch of the dungeon, and saw 2 of its levels.

You collected 48 gold pieces.

Inventory:

Hand Weapons
 a - a +0 mace (weapon)
Missiles
 d - 13 stones (quivered)
 f - 20 bolts
Armour
 b - a +0 animal skin (worn)
 i - a +0 cloak
Scrolls
 e - a scroll of recharging {unknown}
Potions
 g - a potion of curing {unknown}
 h - a potion of haste {unknown}
 j - a potion of might {unknown}
 k - a potion of mutation {unknown}
 m - a potion of agility {unknown}
Comestibles
 c - a bread ration
 l - 2 chunks of flesh


   Skills:
 + Level 4.1 Fighting
 * Level 3.9 Maces & Flails
 - Level 2.6 Dodging


You had 2 spell levels left.
You didn't know any spells.

Dungeon Overview and Level Annotations

Branches:
Dungeon (2/15)

Altars:


Innate Abilities, Weirdness & Mutations

You are too large for most types of armour.
You have tough skin. (AC +1)


Message History

You feel yourself slow down. The gnoll closely misses you.
You barely miss the gnoll.
The gnoll is heavily wounded.
The gnoll hits you with a spear. The gnoll hits you with a spear!
You barely miss the gnoll.
The gnoll is moderately wounded.
The gnoll hits you with a spear.
* * * LOW HITPOINT WARNING * * *
The gnoll hits you but does no damage.
You hit the gnoll.
The gnoll is heavily wounded.
The gnoll closely misses you. x2
You hit the gnoll.
The gnoll is severely wounded.
The gnoll hits you with a spear!
* * * LOW HITPOINT WARNING * * *
You barely miss the gnoll.
The gnoll is severely wounded.
The gnoll closely misses you. The gnoll hits you with a spear.
You die...

...######
.......<#
##.####.#
#.#########.#
#....@gS....#
#############


You could see a gnoll and an adder.

Vanquished Creatures
  2 gnolls (D:2)
  A leopard gecko (D:1)
  2 bats (D:1)
  3 goblins (D:1)
  2 hobgoblins (D:1)
  3 frilled lizards (D:1)
  5 kobolds (D:1)
  5 rats (D:1)
23 creatures vanquished.

Notes
Turn   | Place    | Note
-------+----------+-------------------------------------------
     0 | D:1      | JackS81 the Ogre Berserker began the quest for the Orb.
     0 | D:1      | Reached XP level 1. HP: 24/24 MP: 1/1
   104 | D:1      | Reached XP level 2. HP: 25/32 MP: 2/2
   690 | D:2      | Reached XP level 3. HP: 39/39 MP: 3/3
   701 | D:2      | HP: 1/39 [gnoll/spear (8)]
   702 | D:2      | Slain by a gnoll

Vault maps used:
D:1:      dpeg_arrival_fog
D:2:      uniq_robin

Skill      XL: |  1 |
---------------+----+-----
Maces & Flails | 3 |  3.9
Fighting       | |  4.1
Dodging        | |  2.6

Action                   || total
-------------------------++-------
Melee: Mace              ||    81
Invok: Berserk           ||     1
Armor: Animal skin       ||    15
Dodge: Dodged            ||    39

Table legend:
 A = Spawn XP
 B = Non-spawn XP
 C = Spawn XP percentage of total XP
 D = Spawn monster count
 E = Non-spawn monster count
 F = Spawn count percentage of total count
 G = Total turns spent on level
                    A         B        C        D         E        F      G
               +---------+---------+-------+---------+---------+-------+---------
         Total |       0 |      59 |   0.0 |       0 |      23 |   0.0 |   702
               +---------+---------+-------+---------+---------+-------+---------
           D:1 |       0 |      31 |   0.0 |       0 |      21 |   0.0 |   682
           D:2 |       0 |      28 |   0.0 |       0 |       2 |   0.0 |    20
               +---------+---------+-------+---------+---------+-------+---------
